AoeStats
← QNa_NguaHoang

Black Forest

508615288Analyzed
4v4 RM · 8d ago on Sep 23, 2026· 55m 27s· 8 players
Game mode
Random Map
Map size
Large (8 player)
Population
200
Speed
Normal
Resources
Standard
Victory
Conquest
Starting age
Dark Age
Ending age
Imperial Age
RankedLock teamsTeams togetherTeam positionsShared explorationLock speedFull tech treeHidden civsTurbo modeCheats
Victory
Defeat
🇹🇼 Spanish · Taiwan
1394
+12
🇨🇳 Mongols · China
1328
+15
🇫🇷 Burgundians · France
1299
+16
🇻🇳 Britons · Vietnam
1282
+17
🇦🇺 Malay · Australia
1330
-16
🇦🇺 Dravidians · Australia
1325
-16
🇦🇺 Persians · Australia
1281
-14
🇱🇻 Celts · Latvia
1277
-14
牛比无极限
8:08 Loom
12:15 Feudal Age
18:40 Castle Age
16:51 Double-Bit Axe
39:45 Wheelbarrow
39:09 Fletching
43:29 Imperial Age
41:29 Hand Cart
44:34 Conscription
44:34 Drill
44:37 Onager
46:05 Siege Onager
48:28 Bow Saw
48:31 Horse Collar
49:27 Siege Engineers
Si TôT
6:22 Loom
9:27 Feudal Age
9:12 Double-Bit Axe
12:56 Forging
16:29 Horse Collar
17:50 Wheelbarrow
21:51 Castle Age
20:09 Scale Barding Armor
22:06 Light Cavalry
22:47 Husbandry
22:08 Cavalier
28:11 Stone Mining
28:11 Gold Mining
29:18 Chain Barding Armor
30:42 Bow Saw
33:01 Iron Casting
32:47 Heavy Plow
41:32 Imperial Age
42:08 Paladin
43:25 Plate Barding Armor
43:51 Blast Furnace
45:35 Hand Cart
46:19 Conscription
46:57 Burgundian Vineyards
47:39 Crop Rotation
50:15 Gold Shaft Mining
49:05 Hussar
50:30 Herbal Medicine
ss839059
12:17 Feudal Age
13:10 Double-Bit Axe
13:12 Horse Collar
16:08 Castle Age
16:30 Stone Mining
16:35 Loom
29:51 Wheelbarrow
30:04 Padded Archer Armor
33:24 Leather Archer Armor
33:38 Bow Saw
38:24 Imperial Age
36:51 Bloodlines
36:42 Husbandry
40:01 Elite Conquistador
42:17 Ring Archer Armor
45:37 Stone Shaft Mining
48:02 Gold Mining
49:02 Conscription
51:43 Scale Barding Armor
51:50 Forging
51:01 Light Cavalry
52:42 Hussar
55:18 Chain Barding Armor
55:34 Iron Casting
QNa_NguaHoang
1:33 Loom
13:21 Feudal Age
17:01 Double-Bit Axe
22:05 Wheelbarrow
21:55 Horse Collar
24:24 Stone Mining
26:45 Castle Age
25:01 Gold Mining
27:45 Hand Cart
28:10 Gold Shaft Mining
27:49 Bow Saw
27:43 Heavy Plow
33:30 Fletching
33:41 Padded Archer Armor
35:07 Ballistics
34:44 Murder Holes
35:11 Leather Archer Armor
34:51 Bodkin Arrow
36:03 Yeomen
39:43 Imperial Age
37:19 Pikeman
38:28 Forging
38:19 Scale Mail Armor
38:55 Squires
40:17 Iron Casting
39:55 Halberdier
41:01 Chain Mail Armor
42:24 Two-Man Saw
43:26 Blast Furnace
42:57 Plate Mail Armor
45:07 Ring Archer Armor
44:38 Bracer
45:40 Chemistry
44:23 Treadmill Crane
45:32 Arson
46:27 Conscription
46:16 Elite Longbowman
53:47 Warwolf
55:25 Man-at-Arms
55:51 Gambesons
Ramble5
6:25 Loom
11:08 Feudal Age
11:14 Feudal Age
12:38 Double-Bit Axe
15:47 Castle Age
14:38 Fletching
28:15 Padded Archer Armor
30:41 Husbandry
31:51 Wheelbarrow
32:04 Bodkin Arrow
34:36 Leather Archer Armor
37:21 Thumb Ring
39:48 Imperial Age
40:39 Ballistics
41:27 Elite Elephant Archer
45:06 Horse Collar
45:29 Gold Mining
48:09 Fortified Wall
49:43 Heavy Plow
50:40 Hand Cart
51:28 Chemistry
51:33 Bracer
52:04 Ring Archer Armor
42persons
2:36 Loom
10:59 Feudal Age
16:02 Castle Age
14:06 Horse Collar
15:51 Double-Bit Axe
24:15 Wheelbarrow
25:28 Bow Saw
26:12 Scale Barding Armor
26:18 Forging
26:45 Bloodlines
30:07 Town Watch
30:28 Gold Mining
30:29 Stone Mining
31:13 Heavy Plow
31:53 Gold Shaft Mining
32:22 Husbandry
35:14 Imperial Age
32:43 Fletching
33:39 Chain Barding Armor
33:54 Iron Casting
35:45 Cavalier
37:28 Plate Barding Armor
37:30 Conscription
38:37 Two-Man Saw
37:59 Savar
41:00 Blast Furnace
42:50 Crop Rotation
45:44 Caravan
46:14 Coinage
45:55 Guilds
46:27 Light Cavalry
Snarkegard
0:26 Loom
11:46 Feudal Age
11:33 Man-at-Arms
18:07 Fletching
20:40 Forging
20:20 Horse Collar
25:23 Castle Age
26:28 Bodkin Arrow
26:16 Crossbowman
31:55 Padded Archer Armor
37:58 Ballistics
43:53 Thumb Ring
44:20 Guard Tower
45:09 Elite Skirmisher
51:53 Imperial Age
52:30 Chemistry
50:52 Arbalester
51:38 Bracer
51:54 Leather Archer Armor
melnais cinitis
7:42 Loom
11:32 Feudal Age
12:47 Double-Bit Axe
16:38 Wheelbarrow
18:29 Castle Age
16:36 Fletching
35:04 Bodkin Arrow
Connection lost

Rejoining the realm…

Still unreachable

The connection could not be restored.

Session expired

The server has moved on; the page needs a fresh start.